AoeStats
← THL

Nomad

510102244Analyzed
3v3 RM · 2d ago on Sep 29, 2026· 32m 16s· 6 players
Game mode
Random Map
Map size
210×210
Population
200
Speed
Normal
Resources
Standard
Victory
Conquest
Starting age
Dark Age
Ending age
Imperial Age
RankedLock teamsTeams togetherTeam positionsShared explorationLock speedFull tech treeHidden civsTurbo modeCheats
Victory
Defeat
🇻🇳 Spanish · Vietnam
1589
+13
🇨🇳 Persians · China
1566
+14
🇧🇪 Koreans · Belgium
1517
+16
🇦🇷 Burmese · Argentina
1623
-18
🇵🇪 Persians · Peru
1487
-13
🇦🇷 Vietnamese · Argentina
1459
-12
belgawizard
4:53 Loom
14:02 Feudal Age
14:34 Double-Bit Axe
23:39 Fletching
27:08 Town Watch
Long-Long-Way
12:00 Feudal Age
13:44 Double-Bit Axe
15:07 Loom
17:11 Forging
24:31 Castle Age
25:11 Medium Warships
25:38 Iron Casting
27:37 Wheelbarrow
27:18 Town Watch
29:30 Fishing Lines
31:17 Fletching
THL
11:59 Feudal Age
16:00 Castle Age
15:07 Loom
15:53 Double-Bit Axe
17:10 Bow Saw
ZEAN430
3:46 Loom
20:08 Feudal Age
26:06 Fletching
ramax
13:25 Feudal Age
11:43 Loom
14:34 Town Watch
17:56 Castle Age
15:53 Fletching
17:59 Crossbowman
21:20 Bodkin Arrow
elpanchovilla14
9:16 Loom
12:27 Feudal Age
16:32 Castle Age
15:11 Gold Mining
17:25 Medium Warships
18:07 Forging
20:03 Iron Casting
23:10 Wheelbarrow
23:12 Gold Shaft Mining
29:00 Padded Archer Armor
30:37 Stone Mining
31:39 Bloodlines
31:32 Husbandry
Connection lost

Rejoining the realm…

Still unreachable

The connection could not be restored.

Session expired

The server has moved on; the page needs a fresh start.